 Dungeon Crawl Stone Soup version 0.29.1-15-g9cfb28693d (webtiles) character file.

Game seed: 17192158170094423455

58 Cheops the Ruffian (level 4, -2/38 HPs)
             Began as a Ghoul Monk on May 2, 2023.
             Slain by an orc
             ... wielding a +2 vampiric trident
              (8 damage)
             ... on level 2 of the Dungeon.
             The game lasted 00:00:56 (1531 turns).

Cheops the Ruffian (Ghoul Monk)                     Turns: 1531, Time: 00:00:57

Health: -2/38      AC:  2    Str: 14    XL:     4   Next: 2%
Magic:  3/3        EV: 13    Int:  5    God:
Gold:   22         SH:  0    Dex: 13    Spells: 3/3 levels left

rFire   . . .      SeeInvis .     - Unarmed
rCold   + . .      Faith    .   (no shield)
rNeg    + + +      Spirit   .   a - +0 robe
rPois   ∞          Reflect  .   (no helmet)
rElec   .          Harm     .   (no cloak)
rCorr   .          Rampage  .   (no gloves)
Will    .....                   (no boots)
Stlth   ++........              (no amulet)
HPRegen 0.00/turn               (no ring)
MPRegen 0.08/turn               (no ring)

@: inhibited regen
A: claws 1, cold resistance 1, negative energy resistance 3, inhibited
regeneration, torment resistance 2, devour on kill
a: no special abilities


You were on level 2 of the Dungeon.
You visited 1 branch of the dungeon, and saw 2 of its levels.

You collected 22 gold pieces.

Inventory:

Armour
 a - a +0 robe (worn)
Scrolls
 c - 3 scrolls of identify {unknown}
 d - a scroll of magic mapping {unknown}
Potions
 b - 2 potions of ambrosia
 e - a potion of heal wounds {unknown}
 f - a potion of attraction {unknown}


   Skills:
 - Level 3.2 Fighting
 + Level 3.2 Dodging
 - Level 2.1 Stealth
 * Level 4.7 Unarmed Combat


You had 3 spell levels left.
You didn't know any spells.
Your spell library was empty.

Dungeon Overview and Level Annotations

Branches:
Dungeon (2/15)

Altars:


Innate Abilities, Weirdness & Mutations

You are immune to poison.
You have sharp fingernails.
Your flesh is cold resistant. (rC+)
You are immune to negative energy. (rN+++)
You do not regenerate when monsters are visible.
You are immune to unholy pain and torment.
You thrive by killing the living.


Message History

You scratch the orc but do no damage.
The orc is moderately wounded.
You scratch the orc.
The orc is heavily wounded.
The orc closely misses you.
You claw the orc!
You kill the orc!
You feel better. The bat hits you but does no damage.
You have reached level 4!
You scratch the bat.
The bat is heavily wounded.
The bat misses you. The bat hits you but does no damage.
The orc hits you from afar with a +2 vampiric trident.
* * * LOW HITPOINT WARNING * * *
You closely miss the bat.
The bat is heavily wounded.
The bat hits you but does no damage. The orc barely misses you.
An orc wizard comes into view. It is wielding a +0 dagger.
You barely miss the bat.
The bat is heavily wounded.
The bat misses you.
The orc hits you from afar with a +2 vampiric trident.
* * * LOW HITPOINT WARNING * * *
You scratch the bat.
You kill the bat!
You feel better. The orc barely misses you.
You swing at nothing.
The orc hits you from afar with a +2 vampiric trident.
* * * LOW HITPOINT WARNING * * *
The orc wizard gestures wildly while chanting.
The orc wizard flickers and vanishes!
Deactivating autopickup; reactivate with Ctrl-A.
You see here a ball python corpse.
A ball python comes into view.
There is a stone staircase leading up here.
A puff of flame appears from out of thin air!
The puff of flame hits you.
* * * LOW HITPOINT WARNING * * *
The orc hits you from afar with a +2 vampiric trident!
You die...

.... #.# . ..# #.## .## ..#
#..# o. ## #.# ##.# . #.# .##.
#.# ## ##.# .## o.##....# #.##
.#.#.# #..##. ..# #..#..##
#.##.# #..#.##.b# ##..#.#.##
###.##.#### . #....##
...##.@##.###..........
..#.##..#
#..##.###.##.###..####
#..##.#..##.#..o....S..# #..#
##....##....##.#.##.##.###..#
#..##.#..##.#..{#.#.###......#
#..#)##..# #......# ###.##.#
####.##.## #...#.## #.##.#
.....##.# ###.#.### # ##.#
####.##.# #.#...## #†#


You could see an orc.

Vanquished Creatures
  2 adders
  2 dart slugs
  An orc (D:2)
  5 endoplasms
  A giant cockroach (D:2)
  3 goblins
  2 hobgoblins
  2 jackals (D:2)
  A quokka (D:2)
  6 ball pythons
  4 bats
  A frilled lizard (D:1)
  2 kobolds (D:1)
32 creatures vanquished.

Vanquished Creatures (others)
  A bat (D:2)
1 creature vanquished.

Grand Total: 33 creatures vanquished

Notes
Turn   | Place    | Note
-------+----------+-------------------------------------------
     0 | D:1      | Cheops the Ghoul Monk began the quest for the Orb.
     0 | D:1      | Reached XP level 1. HP: 19/19 MP: 0/0
   234 | D:1      | Reached XP level 2. HP: 26/26 MP: 1/1
   529 | D:1      | Found a faded altar of an unknown god.
   542 | D:1      | Reached skill level 4 in Unarmed Combat
   621 | D:1      | You fall into a shaft and drop 1 floor!
   769 | D:1      | Reached XP level 3. HP: 18/31 MP: 2/2
  1501 | D:2      | Reached XP level 4. HP: 18/38 MP: 3/3
  1531 | D:2      | Slain by an orc

Illustrated notes

Levels and vault maps discovered:
D:1:      lemuel_arrival_river_bridge, layout_basic,
          hellmonk_ecumenical_altar_inner_sanctum
D:2:      layout_loops_ring, nicolae_eternal_life

Skill      XL: |  1  2 |
---------------+-------+-----
Unarmed Combat | 4 |  4.7
Dodging        | 3 |  3.2
Fighting       | |  3.2
Stealth        | |  2.1

Action                   |  1- 3 |  4- 6 || total
-------------------------+-------+-------++-------
Melee: Unarmed           |    97 |     4 ||   101
       Punch             |     3 |       ||     3
 Stab: Sleeping          |     6 |       ||     6
Armor: Robe              |    13 |     2 ||    15
Dodge: Dodged            |    65 |     4 ||    69
